AoeStats
← Chaves

Arena

510817273Analyzed
4v4 RM · 17h ago on Oct 2, 2026· 57m 26s· 8 players
Game mode
Random Map
Map size
Large (8 player)
Population
200
Speed
Normal
Resources
Standard
Victory
Conquest
Starting age
Dark Age
Ending age
Imperial Age
RankedLock teamsTeams togetherTeam positionsShared explorationLock speedFull tech treeHidden civsTurbo modeCheats
Victory
Defeat
🇫🇷 Teutons · France
1228
+12
🇺🇸 Danes · United States
1195
+13
🇺🇸 Portuguese · United States
1187
+13
🇧🇷 Wei · Brazil
1168
+14
🇦🇹 Burgundians · Austria
1149
-14
🇳🇴 Khmer · Norway
1147
-13
🇦🇹 Vietnamese · Austria
1123
-13
🇳🇴 Teutons · Norway
1107
-12
liveSettings
10:35 Feudal Age
12:54 Double-Bit Axe
15:11 Castle Age
13:28 Fletching
17:13 Bow Saw
18:02 Bow Saw
19:52 Horse Collar
23:55 Loom
24:19 Heavy Plow
29:56 Circumnavigation
30:01 Gold Mining
31:31 Wheelbarrow
34:26 Imperial Age
32:38 Wheelbarrow
32:19 Stone Mining
34:59 Stone Shaft Mining
37:16 Conscription
36:19 Elite Organ Gun
37:18 Elite Organ Gun
38:21 Bodkin Arrow
38:26 Padded Archer Armor
38:51 Ballistics
39:31 Chemistry
39:15 Bracer
39:46 Leather Archer Armor
39:08 Crossbowman
39:54 Thumb Ring
40:05 Arbalester
43:19 Hand Cart
42:49 Town Watch
43:58 Arquebus
46:04 Sappers
51:27 Caravan
51:58 Coinage
52:18 Ring Archer Armor
56:05 Town Patrol
57:07 Two-Man Saw
waltersfs97
10:04 Feudal Age
14:46 Castle Age
13:19 Double-Bit Axe
13:17 Horse Collar
16:23 Bow Saw
16:45 Loom
19:33 Town Watch
21:25 Wheelbarrow
27:58 Imperial Age
26:12 Heavy Plow
27:09 Scale Mail Armor
26:32 Man-at-Arms
26:57 Gambesons
27:12 Squires
26:57 Arson
26:45 Pikeman
27:34 Long Swordsman
29:17 Chain Mail Armor
29:01 Halberdier
30:44 Plate Mail Armor
30:57 Gold Mining
30:59 Stone Mining
32:03 Fervor
32:09 Forging
31:41 Hamask
34:00 Iron Casting
34:14 Conscription
34:01 Elite Varangian Guard
35:30 Northmen's Fury
36:42 Town Patrol
36:58 Hand Cart
38:03 Blast Furnace
38:50 Siege Engineers
39:38 Masonry
42:06 Heavy Scorpion
43:32 Onager
44:36 Siege Onager
45:21 Caravan
56:59 Capped Ram
Chaves
10:30 Feudal Age
12:12 Double-Bit Axe
14:33 Loom
16:47 Horse Collar
19:20 Gold Mining
19:58 Stone Mining
19:55 Town Watch
20:48 Wheelbarrow
23:36 Castle Age
23:05 Fletching
23:16 Padded Archer Armor
23:55 Scale Barding Armor
24:38 Bow Saw
25:22 Gold Shaft Mining
26:35 Chain Barding Armor
27:24 Bodkin Arrow
28:31 Stone Shaft Mining
29:35 Padded Archer Armor
29:49 Pikeman
30:31 Scale Mail Armor
30:21 Town Watch
33:30 Tuntian
34:22 Arson
34:54 Chain Mail Armor
36:51 Leather Archer Armor
41:58 Imperial Age
43:27 Parthian Tactics
45:16 Chemistry
45:33 Ring Archer Armor
45:03 Bracer
45:14 Forging
44:28 Halberdier
44:35 Heavy Hei Guang Cavalry
45:16 Husbandry
47:58 Hand Cart
48:51 Iron Casting
47:41 Light Cavalry
48:33 Bloodlines
48:35 Heavy Plow
48:50 Elite Skirmisher
50:31 Hussar
53:18 Ming Guang Armor
57:45 Blast Furnace
jack_the_snowman
10:51 Feudal Age
14:37 Castle Age
12:49 Double-Bit Axe
12:51 Horse Collar
14:31 Bloodlines
15:06 Scale Barding Armor
15:12 Loom
19:15 Chain Barding Armor
22:59 Wheelbarrow
22:13 Town Watch
23:42 Gold Mining
23:56 Heavy Plow
24:09 Bow Saw
24:15 Stone Mining
26:08 Hand Cart
29:56 Imperial Age
27:38 Scale Mail Armor
27:43 Squires
28:19 Man-at-Arms
28:44 Gambesons
29:16 Chain Mail Armor
29:12 Forging
28:54 Long Swordsman
28:54 Pikeman
31:18 Iron Casting
30:14 Two-Handed Swordsman
31:24 Champion
32:36 Plate Mail Armor
32:12 Arson
33:29 Blast Furnace
37:31 Chemistry
36:35 Padded Archer Armor
37:56 Leather Archer Armor
41:04 Halberdier
46:36 Siege Engineers
56:02 Masonry
56:24 Ring Archer Armor
56:00 Town Patrol
56:24 Ballistics
55:56 Fletching
57:56 Conscription
57:59 Ironclad
NaN
10:37 Feudal Age
15:41 Castle Age
13:42 Double-Bit Axe
13:40 Horse Collar
16:47 Bow Saw
17:15 Wheelbarrow
18:41 Two-Man Saw
20:51 Heavy Plow
20:54 Gold Mining
27:23 Imperial Age
25:20 Hand Cart
25:44 Scale Barding Armor
25:50 Forging
26:34 Husbandry
25:58 Cavalier
27:07 Chain Barding Armor
27:28 Gold Shaft Mining
27:10 Husbandry
27:35 Husbandry
28:12 Iron Casting
30:26 Plate Barding Armor
32:30 Fletching
32:40 Padded Archer Armor
33:31 Crossbowman
34:10 Bodkin Arrow
34:30 Leather Archer Armor
35:00 Ballistics
35:41 Chemistry
34:29 Elite Skirmisher
34:56 Paladin
35:34 Imperial Skirmisher
36:35 Bracer
37:37 Blast Furnace
36:46 Paladin
43:53 Scale Mail Armor
Floki
9:02 Feudal Age
8:50 Loom
9:28 Double-Bit Axe
11:29 Fletching
11:38 Horse Collar
12:59 Forging
18:13 Gold Mining
22:40 Castle Age
23:45 Bow Saw
23:38 Heavy Plow
24:16 Wheelbarrow
23:27 Town Watch
30:06 Imperial Age
30:35 Bloodlines
30:26 Husbandry
30:54 Stone Mining
31:37 Hand Cart
30:47 Light Cavalry
32:45 Iron Casting
35:09 Blast Furnace
34:15 Scale Barding Armor
34:48 Hussar
41:19 Bodkin Arrow
42:26 Blast Furnace
41:32 Scale Barding Armor
43:08 Padded Archer Armor
45:36 Leather Archer Armor
47:02 Bracer
47:26 Ballistics
50:53 Elite Ballista Elephant
53:04 Chain Barding Armor
K!
9:35 Loom
11:20 Feudal Age
15:41 Castle Age
13:35 Double-Bit Axe
13:49 Horse Collar
17:48 Bow Saw
17:42 Heavy Plow
20:24 Scale Mail Armor
20:34 Forging
20:22 Pikeman
21:55 Squires
24:27 Wheelbarrow
23:50 Gambesons
26:07 Hand Cart
27:05 Gold Mining
27:09 Stone Mining
31:08 Imperial Age
31:02 Chain Mail Armor
31:22 Iron Casting
31:17 Arson
31:22 Halberdier
32:37 Plate Mail Armor
31:57 Onager
34:24 Blast Furnace
33:15 Fletching
34:30 Chemistry
35:29 Siege Onager
42:18 Man-at-Arms
43:36 Long Swordsman
44:36 Bodkin Arrow
44:51 Two-Handed Swordsman
46:14 Siege Engineers
46:31 Ballistics
46:37 Bombard Tower
45:56 Champion
joker
11:26 Feudal Age
16:06 Castle Age
15:46 Double-Bit Axe
16:14 Crossbowman
18:46 Wheelbarrow
18:28 Horse Collar
21:59 Fletching
22:54 Heavy Plow
24:04 Gold Mining
25:06 Bow Saw
26:21 Stone Mining
27:27 Hand Cart
27:07 Loom
27:09 Town Watch
31:21 Imperial Age
28:39 Pikeman
29:19 Squires
29:09 Arson
29:26 Scale Mail Armor
29:36 Forging
30:25 Thumb Ring
30:41 Chain Mail Armor
30:55 Fortified Wall
31:42 Halberdier
33:20 Iron Casting
34:03 Elite Skirmisher
35:53 Ballistics
36:33 Chemistry
35:52 Padded Archer Armor
38:10 Two-Man Saw
37:43 Crop Rotation
38:00 Leather Archer Armor
37:41 Bodkin Arrow
38:13 Imperial Skirmisher
39:41 Plate Mail Armor
40:16 Paper Money
40:35 Hoardings
42:09 Elite Rattan Archer
45:01 Ring Archer Armor
44:32 Bracer
45:56 Siege Engineers
46:14 Bombard Tower
49:30 Elite Battle Elephant
50:32 Husbandry
50:43 Bloodlines
56:13 Chatras
Connection lost

Rejoining the realm…

Still unreachable

The connection could not be restored.

Session expired

The server has moved on; the page needs a fresh start.